[ AOE2 MATCH · #473327870 ]
UnrankedItalians vs Britons
[ REPLAY ANALYSIS · EXTRACTED FROM THE RECORDED GAME ]
Feudal
12:57
Castle
17:17
Imperial
32:10
| APM avg | 27.7 |
| APM peak | 94 |
| eAPM avg | 20.1 |
| Villagers / military | 157 / 174 |
Focus
⚔️ 37.4% · 🌾 62.6%
Unknown (882) ×319 · Genoese Crossbowman ×119 · Trade Cart ×31 · Spearman ×26 · Bombard Cannon ×22 · Fishing Ship ×8
Feudal
13:24
Castle
17:11
Imperial
32:39
| APM avg | 24.1 |
| APM peak | 45 |
| eAPM avg | 18.3 |
| Villagers / military | 177 / 370 |
Focus
⚔️ 36.1% · 🌾 63.9%
Spearman ×101 · Militia ×70 · Unknown (882) ×67 · Urumi Swordsman ×67 · Armored Elephant ×45 · Fishing Ship ×30
Feudal
12:24
Castle
17:36
Imperial
31:38
| APM avg | 18.4 |
| APM peak | 41 |
| eAPM avg | 14.2 |
| Villagers / military | 134 / 66 |
Focus
⚔️ 23.3% · 🌾 76.7%
Trade Cart ×97 · Knight ×37 · War Wagon ×14 · Fishing Ship ×13 · Bombard Cannon ×8 · Trebuchet (Packed) ×4
Feudal
—
Castle
—
Imperial
—
| APM avg | 1.3 |
| APM peak | 14 |
| eAPM avg | 0.8 |
| Villagers / military | 13 / 0 |
Focus
⚔️ 1.9% · 🌾 98.1%
Feudal
11:48
Castle
18:38
Imperial
40:14
| APM avg | 22.0 |
| APM peak | 52 |
| eAPM avg | 19.3 |
| Villagers / military | 305 / 974 |
Focus
⚔️ 34.4% · 🌾 65.6%
Spearman ×636 · Scorpion ×220 · Mangonel ×82 · Trebuchet (Packed) ×34 · Fishing Ship ×7 · Monk ×2
Feudal
11:50
Castle
16:45
Imperial
32:04
| APM avg | 13.5 |
| APM peak | 43 |
| eAPM avg | 7.9 |
| Villagers / military | 164 / 85 |
Focus
⚔️ 16.2% · 🌾 83.8%
Steppe Lancer ×78 · Trade Cart ×8 · Battering Ram ×4 · Trebuchet (Packed) ×2 · Monk ×1
Feudal
12:24
Castle
18:14
Imperial
36:07
| APM avg | 24.1 |
| APM peak | 72 |
| eAPM avg | 13.2 |
| Villagers / military | 111 / 423 |
Focus
⚔️ 29.3% · 🌾 70.7%
Scout Cavalry ×300 · Cavalry Archer ×50 · Janissary ×45 · Trade Cart ×39 · Bombard Cannon ×27 · Fishing Ship ×7
Feudal
12:47
Castle
19:39
Imperial
32:59
| APM avg | 13.0 |
| APM peak | 36 |
| eAPM avg | 11.0 |
| Villagers / military | 190 / 518 |
Focus
⚔️ 33.8% · 🌾 66.2%
Spearman ×397 · Skirmisher ×50 · Samurai ×47 · Fishing Ship ×21 · Battering Ram ×9 · Mangonel ×7
Match map
Initial resources + every placement click. Lines = walls · curves = elevation contours. ◆ gold · ⬟ stone · ● berries · ✦ relic · ◌ wall gap
Inputs per minute
— 刑事組之虎曹達華 - - Hades
Build order — 刑事組之虎曹達華
First 150 of 658 actions detected
| 0:03 | Research | Loom |
| 0:04 | Create | Villager (Male) |
| 0:04 | Create | Villager (Male) |
| 0:04 | Create | Villager (Male) |
| 0:05 | Create | Villager (Male) |
| 0:05 | Create | Villager (Male) |
| 0:11 | Build | House |
| 0:11 | Build | House |
| 0:13 | Build | House |
| 2:22 | Create | Villager (Male) |
| 2:22 | Create | Villager (Male) |
| 2:22 | Create | Villager (Male) |
| 3:10 | Create | Villager (Male) |
| 3:10 | Create | Villager (Male) |
| 3:20 | Create | Villager (Male) |
| 3:58 | Create | Villager (Male) |
| 4:26 | Create | Villager (Male) |
| 4:26 | Create | Villager (Male) |
| 4:34 | Create | Villager (Male) |
| 4:35 | Create | Villager (Male) |
| 5:07 | Build | Lumber Camp |
| 5:41 | Build | House |
| 5:42 | Build | House |
| 5:42 | Build | House |
| 6:12 | Create | Villager (Male) |
| 6:12 | Create | Villager (Male) |
| 6:13 | Create | Villager (Male) |
| 6:13 | Create | Villager (Male) |
| 6:59 | Build | Mill |
| 7:06 | Create | Villager (Male) |
| 7:07 | Create | Villager (Male) |
| 7:07 | Create | Villager (Male) |
| 8:42 | Create | Villager (Male) |
| 8:43 | Create | Villager (Male) |
| 8:43 | Create | Villager (Male) |
| 8:43 | Create | Villager (Male) |
| 9:38 | Build | Dock |
| 10:15 | Create | Villager (Male) |
| 10:30 | Research | Feudal Age |
| 10:54 | Build | Mining Camp |
| 11:45 | Build | House |
| 11:47 | Build | House |
| 11:50 | Build | House |
| 12:32 | Create | Villager (Male) |
| 12:32 | Create | Villager (Male) |
| 12:34 | Create | Villager (Male) |
| 12:57 | Age | Feudal Age |
| 13:08 | Create | Villager (Male) |
| 13:17 | Build | Market |
| 13:39 | Build | Blacksmith |
| 13:48 | Research | Double-Bit Axe |
| 14:34 | Research | Castle Age |
| 14:39 | Build | Mining Camp |
| 14:46 | Build | House |
| 14:49 | Build | House |
| 15:13 | Build | Farm |
| 15:41 | Create | Villager (Male) |
| 15:42 | Create | Villager (Male) |
| 15:52 | Research | Horse Collar |
| 16:02 | Research | Stone Mining |
| 16:04 | Research | Gold Mining |
| 16:09 | Create | Fishing Ship |
| 16:36 | Build | House |
| 16:38 | Build | House |
| 16:40 | Build | House |
| 16:43 | Build | House |
| 17:12 | Build | Farm |
| 17:16 | Build | Farm |
| 17:17 | Age | Castle Age |
| 17:18 | Build | Farm |
| 17:20 | Create | Villager (Male) |
| 17:24 | Create | Villager (Male) |
| 17:33 | Build | Town Center |
| 17:42 | Create | Fishing Ship |
| 17:52 | Build | Farm |
| 18:40 | Build | Town Center |
| 18:56 | Build | Farm |
| 19:02 | Create | Villager (Male) |
| 19:04 | Create | Villager (Male) |
| 19:05 | Create | Villager (Male) |
| 19:13 | Create | Villager (Male) |
| 19:13 | Create | Villager (Male) |
| 19:13 | Create | Villager (Male) |
| 19:21 | Build | Farm |
| 19:38 | Create | Villager (Male) |
| 19:45 | Build | House |
| 19:46 | Build | House |
| 19:47 | Build | House |
| 19:49 | Build | House |
| 19:53 | Create | Villager (Male) |
| 19:56 | Create | Villager (Male) |
| 19:58 | Create | Villager (Male) |
| 20:02 | Build | Farm |
| 20:05 | Create | Villager (Male) |
| 20:06 | Create | Villager (Male) |
| 20:12 | Build | Farm |
| 20:24 | Create | Villager (Male) |
| 20:32 | Build | Farm |
| 20:40 | Create | Villager (Male) |
| 20:56 | Build | Town Center |
| 21:02 | Create | Villager (Male) |
| 21:06 | Create | Villager (Male) |
| 21:12 | Create | Villager (Male) |
| 21:35 | Create | Villager (Male) |
| 21:38 | Create | Villager (Male) |
| 21:49 | Build | Farm |
| 21:50 | Build | Farm |
| 21:54 | Build | Farm |
| 22:01 | Create | Villager (Male) |
| 22:09 | Create | Villager (Male) |
| 22:10 | Create | Villager (Male) |
| 22:13 | Create | Villager (Male) |
| 22:24 | Build | Farm |
| 22:27 | Build | Farm |
| 22:33 | Build | Farm |
| 22:36 | Build | Farm |
| 22:37 | Create | Villager (Male) |
| 22:46 | Build | Farm |
| 22:47 | Build | Farm |
| 22:48 | Create | Villager (Male) |
| 22:55 | Create | Villager (Male) |
| 22:56 | Create | Villager (Male) |
| 23:00 | Build | Farm |
| 23:01 | Build | Farm |
| 23:03 | Build | Farm |
| 23:15 | Create | Villager (Male) |
| 23:16 | Create | Villager (Male) |
| 23:57 | Build | House |
| 24:01 | Create | Villager (Male) |
| 24:01 | Create | Villager (Male) |
| 24:03 | Research | Wheelbarrow |
| 24:12 | Create | Villager (Male) |
| 24:15 | Create | Villager (Male) |
| 24:19 | Build | Farm |
| 24:20 | Build | Farm |
| 24:24 | Create | Villager (Male) |
| 25:07 | Build | Monastery |
| 25:09 | Create | Fishing Ship |
| 25:10 | Create | Fishing Ship |
| 25:12 | Create | Villager (Male) |
| 25:13 | Create | Villager (Male) |
| 25:14 | Create | Villager (Male) |
| 25:18 | Create | Villager (Male) |
| 25:18 | Create | Villager (Male) |
| 25:19 | Create | Villager (Male) |
| 25:23 | Build | Farm |
| 25:30 | Create | Villager (Male) |
| 25:30 | Create | Villager (Male) |
| 25:35 | Create | Villager (Male) |
| 25:35 | Create | Villager (Male) |
Build order — Hades
First 150 of 672 actions detected
| 0:00 | Create | Villager (Male) |
| 0:00 | Create | Villager (Male) |
| 0:01 | Create | Villager (Male) |
| 0:04 | Build | House |
| 0:05 | Build | House |
| 0:27 | Research | Loom |
| 0:38 | Create | Villager (Male) |
| 0:38 | Create | Villager (Male) |
| 0:39 | Create | Villager (Male) |
| 1:02 | Build | Palisade Wall |
| 1:59 | Create | Villager (Male) |
| 2:31 | Build | Lumber Camp |
| 2:35 | Create | Villager (Male) |
| 3:05 | Create | Villager (Male) |
| 3:32 | Create | Villager (Male) |
| 3:33 | Create | Villager (Male) |
| 3:52 | Create | Villager (Male) |
| 4:01 | Build | House |
| 4:14 | Create | Villager (Male) |
| 4:39 | Create | Villager (Male) |
| 5:01 | Build | House |
| 5:03 | Build | House |
| 5:13 | Create | Villager (Male) |
| 5:25 | Create | Villager (Male) |
| 5:33 | Build | House |
| 5:34 | Build | House |
| 5:47 | Build | Outpost |
| 5:53 | Create | Villager (Male) |
| 6:31 | Create | Villager (Male) |
| 6:32 | Create | Villager (Male) |
| 6:44 | Create | Villager (Male) |
| 7:01 | Build | Lumber Camp |
| 7:08 | Build | House |
| 7:14 | Build | Outpost |
| 7:47 | Create | Villager (Male) |
| 7:48 | Create | Villager (Male) |
| 7:48 | Create | Villager (Male) |
| 7:48 | Create | Villager (Male) |
| 7:49 | Create | Villager (Male) |
| 8:24 | Create | Villager (Male) |
| 8:24 | Create | Villager (Male) |
| 8:30 | Build | Mill |
| 9:30 | Build | Mining Camp |
| 9:32 | Create | Villager (Male) |
| 9:49 | Create | Villager (Male) |
| 9:56 | Create | Villager (Male) |
| 10:24 | Create | Villager (Male) |
| 10:39 | Create | Villager (Male) |
| 11:02 | Research | Feudal Age |
| 11:28 | Build | Dock |
| 12:09 | Create | Fishing Ship |
| 12:24 | Create | Villager (Male) |
| 12:29 | Build | Mining Camp |
| 13:03 | Create | Fishing Ship |
| 13:05 | Create | Fishing Ship |
| 13:24 | Age | Feudal Age |
| 13:34 | Build | Blacksmith |
| 13:37 | Build | Market |
| 13:41 | Build | Market |
| 13:54 | Create | Fishing Ship |
| 14:04 | Build | Stone Wall |
| 14:31 | Research | Castle Age |
| 14:34 | Research | Double-Bit Axe |
| 14:42 | Research | Tech 906 |
| 15:18 | Create | Villager (Male) |
| 15:19 | Create | Villager (Male) |
| 15:21 | Research | Horse Collar |
| 15:39 | Create | Fishing Ship |
| 15:40 | Create | Fishing Ship |
| 17:11 | Age | Castle Age |
| 17:14 | Build | Town Center |
| 17:17 | Build | Town Center |
| 17:22 | Research | Bow Saw |
| 17:23 | Research | Heavy Plow |
| 17:35 | Create | Villager (Male) |
| 17:36 | Create | Villager (Male) |
| 17:43 | Create | Villager (Male) |
| 18:15 | Create | Villager (Male) |
| 18:15 | Create | Villager (Male) |
| 18:26 | Build | Farm |
| 18:27 | Build | Farm |
| 18:29 | Build | Farm |
| 18:30 | Build | Farm |
| 18:32 | Build | Farm |
| 18:44 | Create | Villager (Male) |
| 18:44 | Create | Villager (Male) |
| 18:45 | Create | Villager (Male) |
| 18:48 | Build | Fish Trap |
| 18:53 | Create | Villager (Male) |
| 18:57 | Create | Villager (Male) |
| 18:57 | Create | Villager (Male) |
| 19:10 | Create | Villager (Male) |
| 19:18 | Create | Villager (Male) |
| 19:18 | Create | Villager (Male) |
| 19:25 | Build | Monastery |
| 19:34 | Create | Villager (Male) |
| 19:55 | Build | Farm |
| 20:00 | Build | Farm |
| 20:00 | Build | Farm |
| 20:01 | Build | Farm |
| 20:02 | Build | Farm |
| 20:03 | Build | Farm |
| 20:11 | Create | Villager (Male) |
| 20:12 | Create | Villager (Male) |
| 20:35 | Create | Villager (Male) |
| 20:40 | Build | Farm |
| 20:41 | Build | Farm |
| 20:42 | Build | Farm |
| 20:43 | Build | Farm |
| 20:44 | Build | Farm |
| 20:48 | Build | Farm |
| 20:49 | Create | Villager (Male) |
| 20:52 | Create | Monk |
| 20:58 | Build | House |
| 20:59 | Build | House |
| 21:00 | Build | House |
| 21:10 | Build | Farm |
| 21:11 | Build | Farm |
| 21:12 | Build | Farm |
| 21:16 | Create | Villager (Male) |
| 21:33 | Create | Villager (Male) |
| 21:39 | Build | Farm |
| 21:41 | Build | Farm |
| 21:43 | Create | Villager (Male) |
| 21:51 | Create | Villager (Male) |
| 21:51 | Create | Villager (Male) |
| 22:06 | Create | Villager (Male) |
| 22:10 | Build | Fish Trap |
| 22:13 | Build | Fish Trap |
| 22:15 | Build | Fish Trap |
| 22:24 | Create | Villager (Male) |
| 22:25 | Create | Villager (Male) |
| 22:30 | Create | Villager (Male) |
| 22:31 | Create | Villager (Male) |
| 22:44 | Create | Villager (Male) |
| 22:51 | Create | Villager (Male) |
| 22:59 | Build | Town Center |
| 23:04 | Create | Villager (Male) |
| 23:04 | Create | Villager (Male) |
| 23:22 | Build | House |
| 23:23 | Build | House |
| 23:24 | Build | House |
| 23:25 | Build | House |
| 23:26 | Build | House |
| 23:28 | Build | House |
| 23:28 | Build | House |
| 23:29 | Build | House |
| 23:30 | Build | House |
| 23:31 | Build | House |
| 23:31 | Build | House |
Build order — seerosensalat
First 150 of 546 actions detected
| 0:05 | Create | Villager (Male) |
| 0:05 | Create | Villager (Male) |
| 0:07 | Build | House |
| 0:09 | Build | House |
| 1:08 | Create | Villager (Male) |
| 1:08 | Create | Villager (Male) |
| 1:09 | Create | Villager (Male) |
| 1:39 | Create | Villager (Male) |
| 1:39 | Create | Villager (Male) |
| 2:24 | Build | Palisade Wall |
| 2:28 | Create | Villager (Male) |
| 2:28 | Create | Villager (Male) |
| 2:33 | Build | Lumber Camp |
| 2:43 | Create | Villager (Male) |
| 3:00 | Create | Villager (Male) |
| 3:01 | Create | Villager (Male) |
| 3:29 | Create | Villager (Male) |
| 3:51 | Build | House |
| 4:02 | Create | Villager (Male) |
| 4:49 | Create | Villager (Male) |
| 4:49 | Create | Villager (Male) |
| 5:10 | Create | Villager (Male) |
| 5:10 | Create | Villager (Male) |
| 5:50 | Build | House |
| 5:57 | Create | Villager (Male) |
| 5:58 | Create | Villager (Male) |
| 6:08 | Build | Dock |
| 6:25 | Create | Villager (Male) |
| 6:25 | Create | Villager (Male) |
| 6:25 | Create | Villager (Male) |
| 6:49 | Create | Villager (Male) |
| 6:49 | Create | Villager (Male) |
| 7:06 | Create | Fishing Ship |
| 7:11 | Create | Villager (Male) |
| 7:38 | Research | Loom |
| 7:38 | Create | Villager (Male) |
| 7:43 | Create | Fishing Ship |
| 8:15 | Create | Villager (Male) |
| 8:16 | Create | Villager (Male) |
| 8:32 | Build | Palisade Wall |
| 8:36 | Create | Villager (Male) |
| 8:36 | Create | Villager (Male) |
| 8:46 | Create | Villager (Male) |
| 8:46 | Create | Villager (Male) |
| 9:17 | Create | Fishing Ship |
| 9:30 | Create | Fishing Ship |
| 9:50 | Research | Feudal Age |
| 9:54 | Build | Mining Camp |
| 10:29 | Create | Fishing Ship |
| 10:47 | Build | House |
| 11:33 | Create | Fishing Ship |
| 12:11 | Build | Dock |
| 12:21 | Create | Villager (Male) |
| 12:24 | Age | Feudal Age |
| 12:25 | Create | Villager (Male) |
| 12:27 | Build | Blacksmith |
| 12:54 | Build | Mill |
| 13:32 | Build | House |
| 13:36 | Create | Villager (Male) |
| 13:47 | Build | Market |
| 13:56 | Create | Villager (Male) |
| 14:04 | Build | Lumber Camp |
| 14:45 | Build | Fish Trap |
| 14:56 | Research | Castle Age |
| 14:59 | Build | Fish Trap |
| 15:19 | Build | Fish Trap |
| 15:42 | Build | Fish Trap |
| 15:47 | Create | Villager (Male) |
| 16:15 | Create | Fishing Ship |
| 16:18 | Build | Fish Trap |
| 16:33 | Build | Fish Trap |
| 16:40 | Create | Fishing Ship |
| 16:51 | Research | Fletching |
| 17:01 | Build | Fish Trap |
| 17:23 | Build | Fish Trap |
| 17:28 | Create | Fishing Ship |
| 17:31 | Create | Villager (Male) |
| 17:35 | Create | Fishing Ship |
| 17:36 | Age | Castle Age |
| 17:50 | Create | Villager (Male) |
| 17:58 | Build | University |
| 18:10 | Build | Mining Camp |
| 18:22 | Create | Villager (Male) |
| 18:27 | Build | House |
| 18:31 | Build | Fish Trap |
| 18:38 | Create | Villager (Male) |
| 18:41 | Create | Villager (Male) |
| 18:42 | Create | Villager (Male) |
| 18:53 | Build | Fish Trap |
| 18:56 | Create | Fishing Ship |
| 19:02 | Research | Double-Bit Axe |
| 19:19 | Research | Bodkin Arrow |
| 19:21 | Create | Villager (Male) |
| 19:21 | Create | Villager (Male) |
| 19:24 | Build | House |
| 19:46 | Build | Fish Trap |
| 20:03 | Create | Fishing Ship |
| 20:04 | Create | Fishing Ship |
| 20:29 | Create | Villager (Male) |
| 20:37 | Build | House |
| 20:39 | Create | Villager (Male) |
| 21:23 | Build | Watch Tower |
| 21:33 | Research | Ballistics |
| 22:30 | Build | Fish Trap |
| 22:35 | Build | Fish Trap |
| 22:43 | Create | Villager (Male) |
| 22:44 | Create | Villager (Male) |
| 23:06 | Build | House |
| 23:10 | Research | Bow Saw |
| 23:14 | Build | Lumber Camp |
| 23:20 | Build | Stone Wall |
| 23:24 | Research | Wheelbarrow |
| 23:40 | Build | Stone Wall |
| 24:10 | Build | Stone Wall |
| 24:17 | Research | Gold Mining |
| 24:24 | Build | Building 673 |
| 24:39 | Build | Market |
| 24:46 | Build | Market |
| 24:50 | Create | Villager (Male) |
| 24:51 | Research | Hand Cart |
| 25:31 | Build | Stone Wall |
| 25:40 | Build | Building 665 |
| 25:45 | Create | Villager (Male) |
| 25:48 | Research | Caravan |
| 26:03 | Build | Market |
| 26:17 | Build | Monastery |
| 26:19 | Create | Villager (Male) |
| 26:52 | Build | Mining Camp |
| 27:01 | Build | Building 665 |
| 27:10 | Build | Stone Wall |
| 27:13 | Create | Villager (Male) |
| 27:13 | Create | Villager (Male) |
| 27:13 | Create | Villager (Male) |
| 27:23 | Build | Stone Wall |
| 28:02 | Research | Imperial Age |
| 28:05 | Create | Trade Cart |
| 28:05 | Create | Trade Cart |
| 28:05 | Create | Trade Cart |
| 28:06 | Create | Trade Cart |
| 28:06 | Create | Trade Cart |
| 28:08 | Build | House |
| 28:12 | Build | House |
| 28:14 | Build | House |
| 28:24 | Build | Building 673 |
| 28:38 | Create | Trade Cart |
| 28:38 | Create | Trade Cart |
| 28:39 | Create | Trade Cart |
| 28:47 | Create | Trade Cart |
| 28:47 | Create | Trade Cart |
| 28:55 | Create | Trade Cart |
Build order — ZhangHao
23 actions detected in the replay
| 0:17 | Create | Villager (Male) |
| 1:22 | Build | House |
| 1:47 | Create | Villager (Male) |
| 2:10 | Build | House |
| 3:00 | Build | House |
| 3:04 | Create | Villager (Male) |
| 3:58 | Create | Villager (Male) |
| 3:58 | Create | Villager (Male) |
| 4:24 | Build | Lumber Camp |
| 5:35 | Create | Villager (Male) |
| 5:57 | Create | Villager (Male) |
| 6:33 | Create | Villager (Male) |
| 7:31 | Build | House |
| 7:59 | Create | Villager (Male) |
| 7:59 | Create | Villager (Male) |
| 7:59 | Create | Villager (Male) |
| 8:11 | Build | House |
| 8:34 | Create | Villager (Male) |
| 9:33 | Create | Villager (Male) |
| 10:40 | Build | Mill |
| 12:11 | Build | House |
| 12:53 | Build | Mill |
| 13:15 | Research | Feudal Age |
Build order — SEGETT33
First 150 of 944 actions detected
| 0:01 | Create | Villager (Male) |
| 0:02 | Create | Villager (Male) |
| 0:02 | Create | Villager (Male) |
| 0:02 | Create | Villager (Male) |
| 0:02 | Create | Villager (Male) |
| 0:06 | Build | House |
| 0:12 | Build | House |
| 0:39 | Build | House |
| 0:41 | Build | House |
| 0:54 | Research | Loom |
| 1:40 | Create | Villager (Male) |
| 1:41 | Create | Villager (Male) |
| 1:41 | Create | Villager (Male) |
| 1:51 | Build | Lumber Camp |
| 2:19 | Create | Villager (Male) |
| 2:19 | Create | Villager (Male) |
| 2:19 | Create | Villager (Male) |
| 2:20 | Create | Villager (Male) |
| 2:45 | Create | Villager (Male) |
| 2:46 | Create | Villager (Male) |
| 2:46 | Create | Villager (Male) |
| 3:23 | Create | Villager (Male) |
| 3:23 | Create | Villager (Male) |
| 3:24 | Create | Villager (Male) |
| 3:47 | Create | Villager (Male) |
| 3:47 | Create | Villager (Male) |
| 4:12 | Create | Villager (Male) |
| 4:12 | Create | Villager (Male) |
| 4:12 | Create | Villager (Male) |
| 4:13 | Create | Villager (Male) |
| 4:35 | Create | Villager (Male) |
| 4:35 | Create | Villager (Male) |
| 4:58 | Create | Villager (Male) |
| 4:59 | Create | Villager (Male) |
| 4:59 | Create | Villager (Male) |
| 4:59 | Create | Villager (Male) |
| 5:43 | Create | Villager (Male) |
| 5:43 | Create | Villager (Male) |
| 5:43 | Create | Villager (Male) |
| 5:43 | Create | Villager (Male) |
| 6:01 | Create | Villager (Male) |
| 6:01 | Create | Villager (Male) |
| 6:02 | Create | Villager (Male) |
| 6:02 | Create | Villager (Male) |
| 6:32 | Create | Villager (Male) |
| 6:32 | Create | Villager (Male) |
| 6:32 | Create | Villager (Male) |
| 6:32 | Create | Villager (Male) |
| 6:33 | Create | Villager (Male) |
| 7:02 | Build | Mill |
| 7:25 | Create | Villager (Male) |
| 7:26 | Create | Villager (Male) |
| 7:26 | Create | Villager (Male) |
| 7:26 | Create | Villager (Male) |
| 7:26 | Create | Villager (Male) |
| 7:49 | Build | House |
| 8:18 | Create | Villager (Male) |
| 8:18 | Create | Villager (Male) |
| 8:18 | Create | Villager (Male) |
| 8:18 | Create | Villager (Male) |
| 8:32 | Build | House |
| 8:56 | Research | Feudal Age |
| 10:22 | Create | Villager (Male) ×5 |
| 10:36 | Build | House |
| 10:50 | Build | Mill |
| 11:48 | Age | Feudal Age |
| 12:53 | Build | Mining Camp |
| 13:18 | Create | Villager (Male) |
| 13:18 | Create | Villager (Male) |
| 13:41 | Build | Market |
| 13:46 | Build | Blacksmith |
| 14:10 | Build | Mining Camp |
| 14:18 | Research | Double-Bit Axe |
| 14:37 | Research | Wheelbarrow |
| 15:25 | Build | Mill |
| 15:37 | Research | Castle Age |
| 15:45 | Research | Horse Collar |
| 15:48 | Research | Gold Mining |
| 15:51 | Research | Stone Mining |
| 16:04 | Build | Stone Wall |
| 17:59 | Create | Villager (Male) ×3 |
| 18:10 | Build | Farm |
| 18:10 | Build | Farm |
| 18:11 | Build | Farm |
| 18:11 | Build | Farm |
| 18:11 | Build | Farm |
| 18:12 | Build | Farm |
| 18:12 | Build | Farm |
| 18:38 | Age | Castle Age |
| 18:50 | Create | Villager (Male) |
| 18:50 | Create | Villager (Male) |
| 18:58 | Build | Town Center |
| 19:21 | Build | Town Center |
| 19:30 | Create | Villager (Male) |
| 19:31 | Create | Villager (Male) |
| 19:54 | Create | Villager (Male) ×2 |
| 20:06 | Build | Farm |
| 20:06 | Build | Farm |
| 20:07 | Build | Farm |
| 20:07 | Build | Farm |
| 20:07 | Build | Farm |
| 20:07 | Build | Farm |
| 20:07 | Build | Farm |
| 20:08 | Build | Farm |
| 20:08 | Build | Farm |
| 20:08 | Build | Farm |
| 20:41 | Build | Farm |
| 20:41 | Build | Farm |
| 20:42 | Build | Farm |
| 20:42 | Build | Farm |
| 20:42 | Build | Farm |
| 20:42 | Build | Farm |
| 20:47 | Create | Villager (Male) ×4 |
| 20:47 | Create | Villager (Male) ×4 |
| 21:14 | Build | Dock |
| 21:39 | Create | Villager (Male) |
| 21:39 | Create | Villager (Male) |
| 21:41 | Create | Villager (Male) |
| 21:41 | Create | Villager (Male) |
| 21:52 | Build | Town Center |
| 21:55 | Create | Villager (Male) |
| 21:55 | Create | Villager (Male) |
| 21:58 | Create | Villager (Male) |
| 21:59 | Create | Villager (Male) |
| 21:59 | Create | Villager (Male) |
| 22:00 | Create | Villager (Male) |
| 22:08 | Build | House |
| 22:08 | Build | House |
| 22:09 | Build | House |
| 22:09 | Build | House |
| 22:09 | Build | House |
| 22:10 | Build | House |
| 22:10 | Build | House |
| 22:10 | Build | House |
| 22:10 | Build | House |
| 22:14 | Create | Villager (Male) |
| 22:27 | Build | Monastery |
| 22:35 | Create | Fishing Ship |
| 22:40 | Create | Villager (Male) |
| 22:42 | Create | Villager (Male) |
| 22:48 | Build | Farm |
| 22:49 | Build | Farm |
| 22:50 | Build | Farm |
| 22:50 | Build | Farm |
| 22:50 | Build | Farm |
| 23:07 | Create | Villager (Male) |
| 23:09 | Create | Villager (Male) |
| 23:10 | Create | Villager (Male) |
| 23:19 | Create | Monk |
| 23:21 | Create | Villager (Male) |
Build order — Sanpan丶Lu
First 150 of 416 actions detected
| 0:02 | Create | Villager (Male) |
| 0:02 | Create | Villager (Male) |
| 0:02 | Create | Villager (Male) |
| 0:04 | Build | House |
| 0:05 | Build | House |
| 1:00 | Create | Villager (Male) |
| 1:00 | Create | Villager (Male) |
| 1:46 | Create | Villager (Male) |
| 1:46 | Create | Villager (Male) |
| 2:23 | Create | Villager (Male) |
| 2:23 | Create | Villager (Male) |
| 2:23 | Create | Villager (Male) |
| 2:49 | Build | Palisade Wall |
| 3:05 | Create | Villager (Male) |
| 3:05 | Create | Villager (Male) |
| 3:45 | Build | Lumber Camp |
| 3:47 | Create | Villager (Male) |
| 3:48 | Create | Villager (Male) |
| 4:47 | Create | Villager (Male) |
| 4:47 | Create | Villager (Male) |
| 4:54 | Build | Palisade Wall |
| 5:21 | Build | House |
| 5:29 | Create | Villager (Male) |
| 5:40 | Create | Villager (Male) |
| 5:55 | Create | Villager (Male) |
| 6:14 | Create | Villager (Male) |
| 6:38 | Create | Villager (Male) |
| 6:48 | Build | Mill |
| 7:03 | Create | Villager (Male) |
| 7:14 | Build | House |
| 7:38 | Create | Villager (Male) |
| 8:14 | Create | Villager (Male) |
| 8:28 | Create | Villager (Male) |
| 9:12 | Build | House |
| 9:15 | Research | Loom |
| 9:18 | Research | Feudal Age |
| 9:40 | Build | Mining Camp |
| 11:07 | Build | House |
| 11:09 | Build | House |
| 11:44 | Build | House |
| 11:50 | Age | Feudal Age |
| 11:51 | Create | Villager (Male) |
| 11:51 | Create | Villager (Male) |
| 11:58 | Build | Market |
| 12:04 | Build | Blacksmith |
| 12:19 | Build | House |
| 12:30 | Create | Villager (Male) |
| 12:55 | Build | Farm |
| 12:57 | Build | Farm |
| 12:58 | Build | Farm |
| 13:18 | Build | House |
| 13:43 | Build | House |
| 13:46 | Build | House |
| 14:05 | Research | Castle Age |
| 14:35 | Research | Double-Bit Axe |
| 14:59 | Build | House |
| 15:26 | Research | Horse Collar |
| 15:52 | Build | Mill |
| 16:03 | Build | Farm |
| 16:45 | Age | Castle Age |
| 16:48 | Create | Villager (Male) |
| 16:48 | Create | Villager (Male) |
| 16:48 | Create | Villager (Male) |
| 16:57 | Build | Town Center |
| 17:09 | Build | Town Center |
| 17:43 | Build | Monastery |
| 17:52 | Create | Villager (Male) |
| 17:52 | Create | Villager (Male) |
| 17:55 | Build | Farm |
| 18:34 | Build | Farm |
| 18:49 | Create | Monk |
| 19:03 | Build | Farm |
| 19:05 | Create | Villager (Male) |
| 19:06 | Create | Villager (Male) |
| 19:06 | Create | Villager (Male) |
| 19:28 | Build | Farm |
| 19:30 | Build | Farm |
| 19:56 | Create | Villager (Male) |
| 19:56 | Create | Villager (Male) |
| 19:56 | Create | Villager (Male) |
| 19:58 | Create | Villager (Male) |
| 20:12 | Create | Villager (Male) |
| 20:12 | Create | Villager (Male) |
| 20:13 | Create | Villager (Male) |
| 20:13 | Create | Villager (Male) |
| 20:17 | Create | Villager (Male) |
| 20:32 | Build | Farm |
| 20:37 | Research | Bow Saw |
| 20:47 | Create | Villager (Male) |
| 20:54 | Build | Farm |
| 20:56 | Build | Farm |
| 20:59 | Build | Farm |
| 21:04 | Research | Wheelbarrow |
| 21:20 | Build | Lumber Camp |
| 21:30 | Build | Farm |
| 21:35 | Create | Villager (Male) |
| 21:35 | Create | Villager (Male) |
| 21:37 | Create | Villager (Male) |
| 21:40 | Create | Villager (Male) |
| 21:43 | Build | Farm |
| 21:48 | Build | Farm |
| 22:29 | Create | Villager (Male) |
| 22:29 | Create | Villager (Male) |
| 22:29 | Create | Villager (Male) |
| 22:35 | Build | Farm |
| 22:39 | Build | Mill |
| 22:42 | Create | Villager (Male) |
| 22:43 | Create | Villager (Male) |
| 22:45 | Create | Villager (Male) |
| 22:50 | Build | Farm |
| 22:51 | Build | Farm |
| 22:52 | Build | Farm |
| 22:53 | Build | Farm |
| 22:55 | Build | Farm |
| 23:01 | Create | Villager (Male) |
| 23:06 | Build | Farm |
| 23:09 | Create | Villager (Male) |
| 23:10 | Create | Villager (Male) |
| 23:16 | Create | Villager (Male) |
| 23:16 | Create | Villager (Male) |
| 23:16 | Create | Villager (Male) |
| 23:23 | Build | Farm |
| 23:43 | Build | Farm |
| 23:46 | Build | Farm |
| 23:52 | Create | Villager (Male) |
| 23:52 | Create | Villager (Male) |
| 23:52 | Create | Villager (Male) |
| 24:11 | Research | Hand Cart |
| 24:28 | Build | Farm |
| 24:34 | Build | Farm |
| 24:36 | Create | Villager (Male) |
| 24:37 | Create | Villager (Male) |
| 24:38 | Create | Villager (Male) |
| 24:41 | Research | Heavy Plow |
| 25:12 | Create | Villager (Male) |
| 25:14 | Create | Villager (Male) |
| 25:17 | Create | Villager (Male) |
| 25:18 | Create | Villager (Male) |
| 25:19 | Create | Villager (Male) |
| 25:20 | Create | Villager (Male) |
| 25:20 | Create | Villager (Male) |
| 25:50 | Create | Villager (Male) |
| 25:50 | Create | Villager (Male) |
| 25:51 | Create | Villager (Male) |
| 25:52 | Create | Villager (Male) |
| 25:53 | Create | Villager (Male) |
| 25:53 | Create | Villager (Male) |
| 25:56 | Build | Farm |
| 26:18 | Build | Town Center |
| 26:33 | Create | Villager (Male) |
Build order — 抽风Crazy
First 150 of 362 actions detected
| 0:05 | Build | House |
| 0:06 | Build | House |
| 0:07 | Create | Villager (Male) ×4 |
| 0:12 | Research | Loom |
| 1:43 | Create | Villager (Male) |
| 2:11 | Create | Villager (Male) |
| 2:37 | Create | Villager (Male) |
| 3:23 | Build | Palisade Wall |
| 3:31 | Create | Villager (Male) |
| 3:32 | Create | Villager (Male) |
| 3:32 | Create | Villager (Male) |
| 3:41 | Build | House |
| 3:43 | Build | House |
| 3:55 | Create | Villager (Male) |
| 3:55 | Create | Villager (Male) |
| 4:49 | Create | Villager (Male) |
| 4:49 | Create | Villager (Male) |
| 4:50 | Create | Villager (Male) |
| 4:50 | Create | Villager (Male) |
| 5:08 | Build | Lumber Camp |
| 5:32 | Create | Villager (Male) ×2 |
| 6:22 | Create | Villager (Male) |
| 7:04 | Build | Mining Camp |
| 7:48 | Build | Mill |
| 8:23 | Create | Villager (Male) |
| 8:24 | Create | Villager (Male) |
| 8:47 | Build | Palisade Wall |
| 9:11 | Create | Villager (Male) |
| 10:14 | Research | Feudal Age |
| 11:03 | Build | Mining Camp |
| 12:09 | Build | Dock |
| 12:23 | Build | Farm |
| 12:24 | Age | Feudal Age |
| 12:24 | Build | Farm |
| 12:30 | Build | Farm |
| 12:33 | Create | Villager (Male) |
| 12:33 | Create | Villager (Male) |
| 12:49 | Build | House |
| 12:50 | Build | House |
| 12:58 | Create | Fishing Ship |
| 13:29 | Build | Mining Camp |
| 13:52 | Build | Market |
| 14:31 | Build | Blacksmith |
| 15:10 | Build | Stone Wall |
| 15:34 | Research | Castle Age |
| 15:48 | Research | Double-Bit Axe |
| 16:24 | Research | Horse Collar |
| 16:34 | Build | Farm |
| 16:35 | Build | Farm |
| 17:37 | Create | Fishing Ship |
| 18:14 | Age | Castle Age |
| 18:27 | Build | Town Center |
| 19:06 | Build | Town Center |
| 19:12 | Research | Bow Saw |
| 19:15 | Research | Heavy Plow |
| 19:17 | Research | Wheelbarrow |
| 20:30 | Create | Villager (Male) ×3 |
| 21:25 | Build | Farm |
| 21:27 | Build | Farm |
| 21:47 | Create | Villager (Male) ×3 |
| 22:02 | Build | Town Center |
| 22:15 | Build | Town Center |
| 22:20 | Create | Villager (Male) ×2 |
| 22:24 | Build | Farm |
| 22:34 | Create | Villager (Male) |
| 23:00 | Create | Villager (Male) ×2 |
| 23:04 | Build | Farm |
| 23:10 | Create | Fishing Ship |
| 23:21 | Create | Villager (Male) |
| 23:38 | Build | Farm |
| 23:47 | Research | Hand Cart |
| 23:53 | Create | Fishing Ship |
| 23:59 | Create | Fishing Ship |
| 24:00 | Research | Tech 906 |
| 24:19 | Create | Villager (Male) |
| 24:30 | Build | House |
| 24:31 | Build | House |
| 24:32 | Build | House |
| 24:49 | Create | Villager (Male) ×2 |
| 25:02 | Create | Villager (Male) |
| 25:19 | Build | Fish Trap |
| 25:22 | Build | Fish Trap |
| 25:25 | Build | Fish Trap |
| 25:34 | Build | Farm |
| 25:37 | Create | Villager (Male) ×4 |
| 25:50 | Build | Town Center |
| 26:07 | Create | Villager (Male) ×2 |
| 26:10 | Build | Farm |
| 26:21 | Create | Villager (Male) ×2 |
| 26:34 | Build | University |
| 26:40 | Build | Monastery |
| 27:01 | Build | Farm |
| 27:04 | Create | Villager (Male) ×5 |
| 27:19 | Build | Town Center |
| 27:31 | Create | Villager (Male) ×3 |
| 27:35 | Build | Farm |
| 27:41 | Build | Farm |
| 27:45 | Create | Villager (Male) |
| 27:53 | Create | Villager (Male) ×2 |
| 27:55 | Create | Monk |
| 28:12 | Build | Farm |
| 28:16 | Create | Villager (Male) ×3 |
| 28:40 | Build | Fish Trap |
| 28:45 | Create | Fishing Ship |
| 28:47 | Research | Gillnets |
| 28:52 | Build | Fish Trap |
| 28:59 | Create | Fishing Ship |
| 29:27 | Build | House |
| 29:28 | Build | House |
| 29:30 | Build | House |
| 29:31 | Build | House |
| 29:33 | Build | House |
| 29:36 | Build | House |
| 29:37 | Build | House |
| 29:38 | Build | House |
| 29:39 | Build | House |
| 29:40 | Build | House |
| 29:46 | Build | Farm |
| 29:47 | Create | Villager (Male) ×5 |
| 29:51 | Research | Caravan |
| 29:57 | Build | Fish Trap |
| 30:13 | Create | Villager (Male) ×5 |
| 30:28 | Build | Farm |
| 30:31 | Create | Villager (Male) ×4 |
| 30:38 | Build | Market |
| 30:49 | Build | Fish Trap |
| 30:58 | Build | Farm |
| 31:07 | Create | Villager (Male) ×5 |
| 31:07 | Create | Villager (Male) ×5 |
| 31:21 | Build | Farm |
| 31:49 | Build | Farm |
| 31:56 | Build | Mill |
| 32:06 | Create | Villager (Male) ×5 |
| 32:57 | Research | Imperial Age |
| 33:02 | Build | Farm |
| 33:03 | Build | Farm |
| 33:07 | Build | Farm |
| 33:21 | Research | Fletching |
| 33:21 | Research | Padded Archer Armor |
| 33:33 | Research | Treadmill Crane |
| 33:35 | Research | Ballistics |
| 33:45 | Research | Gold Mining |
| 33:45 | Research | Stone Mining |
| 33:52 | Build | Farm |
| 34:01 | Build | Barracks |
| 34:24 | Build | Castle |
| 34:33 | Research | Bodkin Arrow |
| 34:33 | Research | Leather Archer Armor |
| 34:42 | Create | Villager (Male) ×5 |
| 34:44 | Create | Villager (Male) ×5 |
Build order — YaTu
First 150 of 600 actions detected
| 0:05 | Build | House |
| 0:07 | Create | Villager (Male) |
| 0:07 | Create | Villager (Male) |
| 0:07 | Create | Villager (Male) |
| 0:08 | Create | Villager (Male) |
| 0:08 | Create | Villager (Male) |
| 0:30 | Build | House |
| 0:39 | Research | Loom |
| 1:10 | Build | Mill |
| 1:42 | Create | Villager (Male) |
| 2:08 | Create | Villager (Male) |
| 2:08 | Create | Villager (Male) |
| 2:36 | Create | Villager (Male) |
| 3:22 | Create | Villager (Male) |
| 3:37 | Build | House |
| 3:38 | Build | House |
| 3:56 | Create | Villager (Male) |
| 4:04 | Create | Villager (Male) |
| 4:25 | Create | Villager (Male) |
| 4:25 | Create | Villager (Male) |
| 4:26 | Create | Villager (Male) |
| 4:46 | Build | Palisade Wall |
| 5:00 | Create | Villager (Male) |
| 5:00 | Create | Villager (Male) |
| 5:20 | Create | Villager (Male) |
| 5:20 | Create | Villager (Male) |
| 5:37 | Create | Villager (Male) |
| 5:37 | Create | Villager (Male) |
| 5:52 | Build | Mill |
| 5:56 | Create | Villager (Male) |
| 5:56 | Create | Villager (Male) |
| 5:57 | Create | Villager (Male) |
| 5:57 | Create | Villager (Male) |
| 6:35 | Create | Villager (Male) |
| 6:59 | Create | Villager (Male) |
| 7:26 | Build | House |
| 7:27 | Build | House |
| 7:28 | Build | House |
| 7:30 | Build | House |
| 7:37 | Build | Outpost |
| 7:47 | Create | Villager (Male) |
| 7:48 | Create | Villager (Male) |
| 7:49 | Create | Villager (Male) |
| 8:20 | Build | Lumber Camp |
| 8:25 | Create | Villager (Male) |
| 8:25 | Create | Villager (Male) |
| 8:45 | Create | Villager (Male) |
| 8:45 | Create | Villager (Male) |
| 8:45 | Create | Villager (Male) |
| 8:46 | Create | Villager (Male) |
| 9:06 | Build | Dock |
| 10:02 | Build | Lumber Camp |
| 10:11 | Build | Mining Camp |
| 10:15 | Research | Feudal Age |
| 10:57 | Create | Fishing Ship |
| 10:57 | Create | Fishing Ship |
| 12:19 | Create | Fishing Ship |
| 12:20 | Create | Fishing Ship |
| 12:20 | Create | Fishing Ship |
| 12:33 | Build | Mill |
| 12:47 | Age | Feudal Age |
| 12:49 | Research | Wheelbarrow |
| 12:53 | Research | Double-Bit Axe |
| 12:59 | Research | Horse Collar |
| 13:16 | Create | Villager (Male) |
| 13:17 | Create | Villager (Male) |
| 13:17 | Create | Villager (Male) |
| 13:17 | Create | Villager (Male) |
| 13:25 | Build | Mining Camp |
| 13:35 | Create | Villager (Male) |
| 13:35 | Create | Villager (Male) |
| 13:35 | Create | Villager (Male) |
| 13:36 | Create | Villager (Male) |
| 13:36 | Create | Villager (Male) |
| 14:10 | Create | Villager (Male) |
| 14:10 | Create | Villager (Male) |
| 14:32 | Build | Market |
| 15:07 | Build | Farm |
| 15:08 | Build | Farm |
| 15:09 | Build | Farm |
| 15:10 | Build | Farm |
| 16:00 | Build | Blacksmith |
| 16:17 | Build | Farm |
| 16:19 | Build | Farm |
| 16:20 | Build | Farm |
| 16:21 | Build | Farm |
| 16:56 | Research | Castle Age |
| 17:06 | Research | Tech 906 |
| 17:28 | Research | Gold Mining |
| 18:47 | Build | Fish Trap |
| 18:52 | Build | Fish Trap |
| 18:58 | Build | Fish Trap |
| 19:04 | Build | Fish Trap |
| 19:09 | Build | Fish Trap |
| 19:39 | Age | Castle Age |
| 19:47 | Build | Town Center |
| 19:50 | Research | Bow Saw |
| 19:58 | Create | Villager (Male) |
| 19:58 | Create | Villager (Male) |
| 19:58 | Create | Villager (Male) |
| 19:58 | Create | Villager (Male) |
| 19:59 | Create | Villager (Male) |
| 20:33 | Build | House |
| 20:35 | Build | House |
| 20:36 | Build | House |
| 20:37 | Build | House |
| 20:39 | Build | House |
| 20:40 | Build | House |
| 20:57 | Research | Hand Cart |
| 21:02 | Research | Town Watch |
| 21:03 | Create | Villager (Male) |
| 21:03 | Create | Villager (Male) |
| 21:03 | Create | Villager (Male) |
| 21:04 | Create | Villager (Male) |
| 21:12 | Create | Villager (Male) |
| 21:12 | Create | Villager (Male) |
| 21:12 | Create | Villager (Male) |
| 21:12 | Create | Villager (Male) |
| 21:13 | Create | Villager (Male) |
| 21:13 | Create | Villager (Male) |
| 21:24 | Build | Monastery |
| 21:59 | Build | Town Center |
| 22:30 | Research | Gillnets |
| 22:34 | Research | Heavy Plow |
| 22:44 | Create | Monk |
| 23:06 | Create | Villager (Male) |
| 23:06 | Create | Villager (Male) |
| 23:07 | Create | Villager (Male) |
| 23:07 | Create | Villager (Male) |
| 23:07 | Create | Villager (Male) |
| 23:28 | Create | Villager (Male) |
| 23:29 | Create | Villager (Male) |
| 23:29 | Create | Villager (Male) |
| 23:29 | Create | Villager (Male) |
| 23:36 | Create | Fishing Ship |
| 23:36 | Create | Fishing Ship |
| 23:37 | Create | Fishing Ship |
| 23:37 | Create | Fishing Ship |
| 23:49 | Build | University |
| 24:38 | Build | Fish Trap |
| 25:10 | Build | Fish Trap |
| 25:24 | Research | Treadmill Crane |
| 25:37 | Create | Villager (Male) ×5 |
| 25:37 | Create | Villager (Male) ×5 |
| 25:37 | Create | Villager (Male) ×5 |
| 25:38 | Create | Villager (Male) ×2 |
| 25:47 | Build | Farm |
| 25:48 | Build | Farm |
| 25:49 | Build | Farm |
| 25:50 | Build | Farm |
Match timeline
| 1:02 | Hades · wall_segment Palisade Wall x12 |
| 2:24 | seerosensalat · wall_segment Palisade Wall x8 |
| 2:49 | Sanpan丶Lu · wall_segment Palisade Wall x13 |
| 3:23 | 抽风Crazy · wall_segment Palisade Wall x11 |
| 4:46 | YaTu · wall_segment Palisade Wall x15 |
| 4:54 | Sanpan丶Lu · wall_segment Palisade Wall x1 |
| 6:08 | seerosensalat · first_building Dock |
| 8:32 | seerosensalat · wall_segment Palisade Wall x1 |
| 8:47 | 抽风Crazy · wall_segment Palisade Wall x10 |
| 9:06 | YaTu · first_building Dock |
| 9:38 | 刑事組之虎曹達華 · first_building Dock |
| 11:28 | Hades · first_building Dock |
| 11:48 | SEGETT33 · age_up feudal |
| 11:50 | Sanpan丶Lu · age_up feudal |
| 12:09 | 抽风Crazy · first_building Dock |
| 12:24 | seerosensalat · age_up feudal |
| 12:24 | 抽风Crazy · age_up feudal |
| 12:47 | YaTu · age_up feudal |
| 12:57 | 刑事組之虎曹達華 · age_up feudal |
| 13:24 | Hades · age_up feudal |
| 14:04 | Hades · wall_segment Stone Wall x13 |
| 14:13 | ZhangHao · resign |
| 15:10 | 抽风Crazy · wall_segment Stone Wall x10 |
| 15:45 | 抽风Crazy · first_market_buy 100 food |
| 16:04 | SEGETT33 · wall_segment Stone Wall x14 |
| 16:45 | Sanpan丶Lu · age_up castle |
| 17:11 | Hades · age_up castle |
| 17:17 | 刑事組之虎曹達華 · age_up castle |
| 17:36 | seerosensalat · age_up castle |
| 17:43 | Sanpan丶Lu · first_building Monastery |
| 17:47 | 刑事組之虎曹達華 · first_market_buy 100 wood |
| 18:14 | 抽风Crazy · age_up castle |
| 18:38 | SEGETT33 · age_up castle |
| 19:25 | Hades · first_building Monastery |
| 19:39 | YaTu · age_up castle |
| 21:14 | SEGETT33 · first_building Dock |
| 21:24 | YaTu · first_building Monastery |
| 22:27 | SEGETT33 · first_building Monastery |
| 23:20 | seerosensalat · wall_segment Stone Wall x6 |
| 23:40 | seerosensalat · wall_segment Stone Wall x12 |
| 24:10 | seerosensalat · wall_segment Stone Wall x10 |
| 24:27 | Hades · first_market_buy 500 food |
| 25:07 | 刑事組之虎曹達華 · first_building Monastery |
| 25:09 | Hades · wall_segment Stone Wall x3 |
| 25:11 | Hades · wall_segment Stone Wall x4 |
| 25:24 | SEGETT33 · wall_segment Stone Wall x13 |
| 25:31 | seerosensalat · wall_segment Stone Wall x8 |
| 26:17 | seerosensalat · first_building Monastery |
| 26:39 | YaTu · first_building Castle |
| 26:40 | 抽风Crazy · first_building Monastery |
| 27:10 | seerosensalat · wall_segment Stone Wall x13 |
| 27:23 | seerosensalat · wall_segment Stone Wall x10 |
| 28:21 | Hades · first_building Castle |
| 28:23 | SEGETT33 · wall_segment Stone Wall x14 |
| 28:28 | 刑事組之虎曹達華 · first_building Castle |
| 28:28 | Hades · first_building Barracks |
| 28:52 | seerosensalat · first_market_sell 100 wood |
| 29:21 | Sanpan丶Lu · first_building Barracks |
| 29:51 | seerosensalat · wall_segment Stone Wall x4 |
| 30:39 | Sanpan丶Lu · first_building Stable |
| 31:13 | Sanpan丶Lu · first_building Castle |
| 31:25 | 刑事組之虎曹達華 · first_building Siege Workshop |
| 31:38 | seerosensalat · age_up imperial |
| 32:04 | Sanpan丶Lu · age_up imperial |
| 32:09 | 刑事組之虎曹達華 · first_building Barracks |
| 32:10 | 刑事組之虎曹達華 · age_up imperial |
| 32:39 | Hades · age_up imperial |
| 32:51 | SEGETT33 · wall_segment Stone Wall x15 |
| 32:52 | 抽风Crazy · first_market_sell 100 wood |
| 32:52 | seerosensalat · wall_segment Stone Wall x1 |
| 32:59 | YaTu · age_up imperial |
| 33:03 | Sanpan丶Lu · first_building Siege Workshop |
| 33:35 | SEGETT33 · first_building Barracks |
| 33:40 | SEGETT33 · first_building Siege Workshop |
| 34:01 | 抽风Crazy · first_building Barracks |
| 34:24 | 抽风Crazy · first_building Castle |
| 35:01 | SEGETT33 · first_building Castle |
| 35:03 | seerosensalat · first_market_buy 100 wood |
| 35:21 | 抽风Crazy · first_building Archery Range |
| 35:23 | Hades · first_building Siege Workshop |
| 35:39 | Hades · first_building Archery Range |
| 36:07 | 抽风Crazy · age_up imperial |
| 36:15 | Hades · first_market_sell 500 food |
| 36:17 | seerosensalat · first_building Siege Workshop |
| 36:24 | 抽风Crazy · first_building Stable |
| 36:29 | seerosensalat · wall_segment Stone Wall x15 |
| 37:06 | YaTu · first_building Barracks |
| 38:30 | 抽风Crazy · first_building Siege Workshop |
| 38:57 | seerosensalat · wall_segment Stone Wall x17 |
| 40:14 | SEGETT33 · age_up imperial |
| 41:05 | Sanpan丶Lu · wall_segment Stone Wall x5 |
| 41:38 | YaTu · first_building Archery Range |
| 42:07 | Sanpan丶Lu · wall_segment Stone Wall x1 |
| 42:12 | Sanpan丶Lu · wall_segment Stone Wall x1 |
| 43:28 | YaTu · first_building Siege Workshop |
| 43:56 | seerosensalat · first_building Castle |
| 45:56 | seerosensalat · wall_segment Stone Wall x10 |
| 49:57 | Sanpan丶Lu · first_market_buy 100 stone |
| 51:49 | seerosensalat · first_building Barracks |
| 52:25 | seerosensalat · first_building Stable |
| 53:06 | SEGETT33 · wall_segment Stone Wall x22 |
| 53:11 | SEGETT33 · wall_segment Stone Wall x10 |
| 53:29 | YaTu · wall_segment Stone Wall x12 |
[ AI ANALYSIS · 1 CREDIT ]
What really happened in this match?
Wolo.gg analyzes every decision: build order, eco, micro, common mistakes by bracket. Personalized analysis on WhatsApp or Discord in 30 seconds.
Civ guide
Italians
Perfil
Jugador #1646570